 Dungeon Crawl Stone Soup version 0.23.1-37-gaa34b87b72 (webtiles) character file.

Game seed: 9452489801986386035

3864 MisterOstroum the Covert (level 9, -1/39 HPs)
             Began as a Spriggan Enchanter on Mar 21, 2019.
             Was a Priest of Vehumet.
             Slain by an orc knight
             ... wielding a +0 glaive
              (40 damage)
             ... in a bailey.
             The game lasted 01:03:22 (7759 turns).

MisterOstroum the Covert (Spriggan Enchanter)       Turns: 7759, Time: 01:03:22

Health: -1/39      AC:  5    Str:  1 (4)  XL:     9   Next: 99%
Magic:  20/20      EV: 21    Int: 17 (20) God:    Vehumet [***...]
Gold:   374        SH:  0    Dex: 15 (16) Spells: 3/22 levels left

rFire    . . .     SeeInvis +   a - +3 dagger (venom)
rCold    . . .     Gourm    .   (shield restricted)
rNeg     . . .     Faith    .   b - +1 robe
rPois    .         Spirit   .   (helmet restricted)
rElec    .         Reflect  .   (no cloak)
rCorr    .         Harm     .   (gloves unavailable)
MR       +....     Clarity  +   (boots unavailable)
Stlth    +++++.....             (no amulet)
HPRegen  0.13/turn              (no ring)
MPRegen  0.17/turn              (no ring)

@: very quick
A: very small, unfitting armour, thin metallic scales 1, see invisible, clarity,
herbivore, speed 3, slow metabolism 2
a: Renounce Religion


You were in a bailey.
You worshipped Vehumet.
Vehumet was most pleased with you.
You were not hungry.

You visited 1 branch of the dungeon, and saw 7 of its levels.
You also visited: Bailey.

You collected 374 gold pieces.

Inventory:

Hand Weapons
 a - a +3 dagger of venom (weapon)
 c - a +0 hunting sling
 h - a +3 spear
 p - a +3 dagger
 x - a cursed +0 morningstar
Missiles
 g - 229 stones (quivered)
Armour
 b - a +1 robe (worn)
Jewellery
 d - an uncursed ring of fire {unknown}
 i - an uncursed amulet of harm
 y - an uncursed ring of magical power {unknown}
Wands
 u - a wand of paralysis (5)
Scrolls
 n - 3 scrolls of noise
 o - a scroll of teleportation
 q - 2 scrolls of blinking
 s - a scroll of vulnerability {unknown}
 v - 2 scrolls of magic mapping
 w - 2 scrolls of identify
 A - a scroll of remove curse
 B - a scroll of enchant weapon
Potions
 f - 3 potions of curing
 k - a potion of resistance
 l - a potion of haste
 r - a potion of might
 t - a potion of flight
 z - a potion of brilliance {unknown}
 C - a potion of cancellation {unknown}
Comestibles
 e - 23 rations


   Skills:
 * Level 7.2 Short Blades
 * Level 5.8 Dodging
 * Level 11.2 Stealth
 + Level 7.1 Spellcasting
 + Level 6.6 Hexes
 - Level 6.0 Ice Magic
 - Level 0.2 Poison Magic


You had 3 spell levels left.
You knew the following spells:

 Your Spells              Type           Power        Failure   Level  Hunger
a - Ensorcelled Hibernat  Hex/Ice        ####..       1%          2    None
b - Confuse               Hex            ####....     2%          3    ##.....
c - Tukima's Dance        Hex            ####....     2%          3    ##.....
d - Slow                  Hex            ####....     1%          2    None
e - Blink                 Tloc           N/A          17%         2    None
f - Corona                Hex            ####...      1%          1    None
g - Dazzling Spray        Conj/Hex       ###...       2%          3    ##.....
q - Sting                 Conj/Pois      #...         3%          1    None
w - Freeze                Ice            ####         1%          1    None
Q - Magic Dart            Conj           #...         3%          1    None

Your spell library contained the following spells:

 Spells                   Type           Power        Failure   Level  Hunger
 Throw Frost              Conj/Ice       ###...       1%          2    None
 Sandblast                Erth           #.....       3%          1    None
 Mephitic Cloud           Conj/Pois/Air  #.......     9%          3    ##.....
 Conjure Flame            Conj/Fire      #.......     10%         3    ##.....
 Stone Arrow              Conj/Erth      #.....       10%         3    ##.....
 Animate Skeleton         Necr           N/A          12%         1    None
 Pain                     Necr           #...         12%         1    None
 Call Imp                 Summ           #.......     17%         2    None
 Passwall                 Tmut/Erth      #.......     17%         2    None
 Regeneration             Chrm/Necr      #.........   34%         3    ##.....
 Vampiric Draining        Necr           #.........   34%         3    ##.....
 Lee's Rapid Deconstruct  Erth           #.........   58%         5    #####..
 Animate Dead             Necr           N/A          75%         4    ####...
 Petrify                  Tmut/Erth      #.......     75%         4    ####...


Dungeon Overview and Level Annotations

Branches:
Dungeon (7/15)
 Temple: D:4-7

Altars:
Cheibriados
Makhleb
Qazlal
Trog
Vehumet
Wu Jian
Zin


Innate Abilities, Weirdness & Mutations

You are very small and have problems with some larger weapons.
You are too small for most types of armour.
You have supernaturally acute eyesight. (SInv)
You are a herbivore.
You cover ground extremely quickly.
You need to consume almost no food.
You are partially covered in thin metallic scales. (AC +2)
You possess an exceptional clarity of mind.


Message History

a +0 halberd; a +0 scale mail
Things that are here:
a +0 spear; a +0 chain mail The orc warrior is too close now for your liking.
There is an open door here.
The orc knight shouts!
The orc knight roars a battlecry!
The orcs go into a battle-frenzy!
The orc warrior shouts!
The orc shouts!
The orc knight roars a battlecry!
The orc knight goes into a battle-frenzy!
The orc knight closely misses you.
Casting: Ensorcelled Hibernation (safe; 1% risk of failure)
Confirm with . or Enter, or press ? or * to list all spells.
Okay, then.
No reachable target in view!
The orc knight hits you from afar with a +0 glaive!!!
Ouch! That really hurt!
You die...

.######## ###'#############.≈.#
.##.$$$.##..§o.....##.....##)≈.#
..## ..≈§§≈≈≈≈..#+...##..≈.#
≈..## .≈≈....§§§..##.##..≈≈.#
≈≈..# §§..⌠...≈≈..#+#..≈≈.##
≈≈..# §.⌠∩⌠§o§§..# #..≈≈.∩#
≈..## §§§§ooo≈≈..# ##..≈≈.# ..##
§§§§≈≈≈≈§.# ##..≈.# .##
.§§§.@..## ##.≈.#
.#############+###'#########.≈.#
...).))[).##.....##.)........≈.#
≈≈≈≈≈≈≈≈≈).##.∩.##).≈≈≈≈≈≈≈≈≈≈.#
........≈≈..## ##[.≈≈..........#
#######..≈≈..###).≈≈..##########
##..≈≈....[≈≈..##
##..≈≈≈≈≈≈≈..## ##.........##


You could see 3 orc knights, an orc warrior and an orc.

Vanquished Creatures
  A centaur zombie (D:7)
  A hippogriff (D:4)
  A yak (D:7)
  A human (D:7)
  Eustachio (D:6)
  3 hogs (D:7)
  Menkaure (D:6)
  Duvessa (D:6)
  A sky beast (D:5)
  2 orc warriors
  An ice beast (D:7)
  An ogre (D:5)
  A black bear (D:7)
  A centaur (D:7)
  5 bullfrogs
  4 gnoll sergeants (D:6)
  Dowan (D:6)
  A wyvern skeleton (D:7)
  A wight (D:5)
  3 howler monkeys
  3 crimson imps
  2 orc priests (D:6)
  2 bullfrog zombies (D:6)
  5 hounds
  2 orc wizards (D:4)
  A centaur skeleton (D:7)
  3 worker ants
  2 worker ant zombies (D:6)
  Robin (D:4)
  4 gnolls
  9 adders
  An ooze (D:4)
  3 worms
  3 dart slugs
  A leopard gecko (D:5)
  24 orcs
  A ball python (D:3)
  3 bats
  7 giant cockroaches
  21 goblins
  9 hobgoblins
  7 jackals
  3 quokkas
  A ball python skeleton (D:4)
  7 frilled lizards
  6 kobolds
  A leopard gecko skeleton (D:4)
  9 rats
173 creatures vanquished.

Vanquished Creatures (collateral kills)
  2 orcs
2 creatures vanquished.

Vanquished Creatures (others)
  A dancing weapon (D:2)
1 creature vanquished.

Grand Total: 176 creatures vanquished

Notes
Turn   | Place    | Note
-------+----------+-------------------------------------------
     0 | D:1      | MisterOstroum the Spriggan Enchanter began the quest for
                  | the Orb.
     0 | D:1      | Reached XP level 1. HP: 9/9 MP: 5/5
   363 | D:1      | Reached XP level 2. HP: 13/13 MP: 7/7
   397 | D:1      | Learned a level 2 spell: Ensorcelled Hibernation
  1358 | D:2      | Found a bloodstained altar of Trog.
  1467 | D:2      | Reached XP level 3. HP: 16/16 MP: 3/9
  1912 | D:2      | Learned a level 3 spell: Tukima's Dance
  2058 | D:4      | Reached XP level 4. HP: 17/21 MP: 1/11
  2412 | D:3      | Reached skill level 5 in Stealth
  2412 | D:3      | Reached skill level 5 in Hexes
  2949 | D:3      | Found a radiant altar of Vehumet.
  2954 | D:3      | Learned a level 2 spell: Slow
  2957 | D:3      | Learned a level 2 spell: Blink
  2999 | D:3      | Reached XP level 5. HP: 19/24 MP: 0/13
  3240 | D:3      | Became a worshipper of Vehumet
  3243 | D:3      | Learned a level 1 spell: Magic Dart
  3284 | D:4      | Reached skill level 5 in Spellcasting
  3290 | D:4      | Learned a level 3 spell: Confuse
  3500 | D:4      | Reached skill level 1 in Ice Magic
  3546 | D:4      | Noticed a hippogriff
  3551 | D:4      | Reached XP level 6. HP: 26/28 MP: 4/15
  3570 | D:4      | Killed a hippogriff
  3727 | D:4      | Noticed Robin
  3733 | D:4      | Killed Robin
  3843 | D:4      | Reached * piety under Vehumet
  3843 | D:4      | Offered knowledge of Sting by Vehumet.
  3843 | D:4      | Reached XP level 7. HP: 25/32 MP: 11/17
  3846 | D:4      | Learned a level 1 spell: Sting
  3856 | D:4      | Learned a level 3 spell: Dazzling Spray
  3874 | D:4      | Found a burning altar of Makhleb.
  4372 | D:5      | Entered Level 5 of the Dungeon
  4570 | D:5      | Found a glowing silver altar of Zin.
  4571 | D:5      | Noticed an angel
  4632 | D:5      | Reached skill level 6 in Stealth
  5103 | D:6      | Found an ornate altar of the Wu Jian Council.
  5103 | D:6      | Found a stormy altar of Qazlal.
  5144 | D:6      | Reached XP level 8. HP: 31/36 MP: 16/18
  5172 | D:6      | Noticed Duvessa
  5178 | D:6      | Noticed Dowan
  5187 | D:6      | Killed Duvessa
  5209 | D:6      | Noticed Eustachio
  5219 | D:5      | Reached skill level 7 in Stealth
  5910 | D:6      | Reached ** piety under Vehumet
  5910 | D:6      | Offered knowledge of Freeze by Vehumet.
  5942 | D:6      | Reached skill level 5 in Ice Magic
  5950 | D:6      | Learned a level 1 spell: Freeze
  6403 | D:6      | Reached skill level 8 in Stealth
  6421 | D:6      | Killed Eustachio
  6449 | D:6      | Killed Dowan
  6458 | D:6      | Reached skill level 5 in Short Blades
  6458 | D:6      | Reached XP level 9. HP: 32/39 MP: 5/19
  6624 | D:6      | Noticed Menkaure
  6627 | D:6      | Killed Menkaure
  6627 | D:6      | Reached skill level 9 in Stealth
  6706 | D:6      | Found a snail-covered altar of Cheibriados.
  6787 | D:7      | Reached skill level 10 in Stealth
  6868 | D:7      | Reached skill level 5 in Dodging
  7214 | D:7      | Reached skill level 11 in Stealth
  7223 | D:7      | Offered knowledge of Throw Frost by Vehumet.
  7263 | D:7      | Found a flagged portal.
  7404 | Bailey   | Entered a bailey
  7483 | Bailey   | Gained mutation: You are partially covered in thin metallic
                  | scales. (AC +2) [potion of mutation]
  7483 | Bailey   | Gained mutation: You possess an exceptional clarity of
                  | mind. [potion of mutation]
  7517 | Bailey   | Reached *** piety under Vehumet
  7545 | Bailey   | Noticed an orc knight
  7545 | Bailey   | Noticed an orc knight
  7585 | Bailey   | Noticed an orc knight
  7636 | Bailey   | Noticed an orc knight
  7759 | Bailey   | Slain by an orc knight

Skill      XL: |  1  2  3  4  5  6  7  8  9 |
---------------+----------------------------+-----
Spellcasting   | 3 4 5 6 7 |  7.1
Hexes          | 4 5 6 |  6.6
Stealth        | 5 6 8 11 | 11.2
Ice Magic      | 1 2 4 6 |  6.0
Short Blades   | 2 5 7 |  7.2
Dodging        | 5 |  5.8
Poison Magic   | |  0.2

Action                   |  1- 3 |  4- 6 |  7- 9 || total
-------------------------+-------+-------+-------++-------
Melee: Dagger            |   110 |    95 |   220 ||   425
Throw: Stone             |     2 |    18 |       ||    20
 Cast: Corona            |    10 |       |       ||    10
       Ensorcelled Hiber |    22 |    53 |    56 ||   131
       Tukima's Dance    |     1 |       |     6 ||     7
       Magic Dart        |       |     1 |     3 ||     4
       Sting             |       |       |    29 ||    29
       Confuse           |       |       |    21 ||    21
       Freeze            |       |       |     1 ||     1
  Use: Scroll            |     5 |     2 |     9 ||    16
       Potion            |       |       |     7 ||     7
 Stab: Sleeping          |    15 |    39 |    46 ||   100
       Distracted        |       |       |     2 ||     2
       Confused          |       |       |    11 ||    11
  Eat: Ration            |       |     2 |     2 ||     4
Armor: Robe              |     4 |     3 |    16 ||    23
Dodge: Dodged            |    93 |    72 |   167 ||   332
